 Dungeon Crawl Stone Soup version 0.28.0-53-g5a82cb258f (webtiles) character file.

Game seed: 10791531314425184177

115 H0rd4k the Charlatan (level 5, -2/38 HPs)
             Began as a Human Artificer on July 14, 2022.
             Slain by an orc
             ... wielding a +0 war axe
              (9 damage)
             ... on level 3 of the Dungeon.
             The game lasted 00:03:16 (4275 turns).

H0rd4k the Charlatan (Human Artificer)              Turns: 4275, Time: 00:03:18

Health: -2/38      AC:  5    Str: 13    XL:     5   Next: 20%
Magic:  5/5        EV: 12    Int: 13    God:
Gold:   112        SH:  0    Dex: 13    Spells: 4/4 levels left

rFire   . . .      SeeInvis .   m - +0 flail
rCold   . . .      Faith    .   (no shield)
rNeg    . . .      Spirit   .   b - +0 leather armour
rPois   .          Reflect  .   (no helmet)
rElec   .          Harm     .   a - scarf {+Inv}
rCorr   .          Rampage  .   n - +0 pair of gloves
Will    .....                   g - +0 pair of boots
Stlth   +.........              (no amulet)
HPRegen 0.12/turn               (no ring)
MPRegen 0.09/turn               (no ring)

@: no status effects
A: no striking features
a: Evoke Invisibility


You were on level 3 of the Dungeon.
You visited 1 branch of the dungeon, and saw 3 of its levels.

You collected 112 gold pieces.

Inventory:

Hand Weapons
 m - a +0 flail (weapon)
 r - a +0 dagger of venom
Armour
 a - a scarf of invisibility (worn)
 b - a +0 leather armour (worn)
 g - a +0 pair of boots (worn)
 n - a +0 pair of gloves (worn)
Wands
 c - a wand of flame (9) (quivered)
 d - a wand of charming (9)
 q - a wand of digging (4)
Scrolls
 h - a scroll of summoning {unknown}
 i - 2 scrolls of fog {unknown}
 j - a scroll of vulnerability {unknown}
 k - a scroll of identify {unknown}
Potions
 f - a potion of attraction {unknown}
 l - a potion of lignification {unknown}
 o - a potion of flight {unknown}
 p - a potion of curing {unknown}
Miscellaneous
 e - a piece from Xom's chessboard (15/15)


   Skills:
 + Level 2.1 Fighting
 + Level 2.4 Maces & Flails
 - Level 2.0 Armour
 + Level 2.2 Dodging
 - Level 1.0 Stealth
 + Level 3.7 Evocations


You had 4 spell levels left.
You didn't know any spells.
Your spell library was empty.

Dungeon Overview and Level Annotations

Branches:
Dungeon (3/15)

Altars:

Annotations:
D:1 1 exclusion


Message History

The goblin shouts!
You see here a rat corpse.
The kobold throws a stone.
The stone closely misses you.
Found a club.
The kobold throws a stone.
The stone barely misses you.
The kobold throws a stone.
The stone hits you but does no damage.
An orc comes into view. It is wielding a +0 club.
The orc shouts!
You hear a shout!
The kobold throws a stone.
The stone closely misses you.
An orc comes into view. It is wielding a +0 flail.
An orc comes into view. It is wielding a +0 war axe.
The orc hits you with a +0 club.
The orc shouts!
You hear a shout! x2
The orc hits you with a +0 flail. The orc barely misses you.
The orc hits you but does no damage. The orc hits you with a +0 club.
Found a whip.
The orc barely misses you.
The orc barely misses you. x2; The orc hits you with a +0 club.
You hit the orc.
The orc is moderately wounded.
The orc hits you with a +0 war axe. The orc misses you.
The orc hits you with a +0 club.
The kobold hits you with a +0 short sword.
The goblin closely misses you.
You hit the orc.
The orc is severely wounded.
The orc closely misses you. The orc hits you with a +0 flail.
The orc completely misses you. The kobold closely misses you.
The goblin misses you. The orc barely misses you.
You closely miss the orc.
The orc is severely wounded.
The orc misses you. The orc hits you with a +0 club.
The kobold barely misses you. The goblin hits you but does no damage.
The orc barely misses you. The orc closely misses you.
You sock the orc!
You kill the orc!
The orc closely misses you.
The kobold hits you with a +0 short sword.
* * * LOW HITPOINT WARNING * * *
The goblin hits you but does no damage. The orc hits you with a +0 war axe!
You die...

#)# .. ##.# # #..
#.##.## #.#...# #.....#
########### #)K.#
#.......... #@oO#
#.....##...
##og.####....##..##
#....S...O......###
.......#######.......†..
....### #....###### ...
#....# 8. #)...# #....#
#....#


You could see an ogre, 2 orcs, a goblin, a ball python and a kobold.

Vanquished Creatures
  Jessica (D:3)
  A gnoll (D:2)
  A worm (D:2)
  A dart slug (D:2)
  An orc (D:3)
  7 ball pythons
  4 endoplasms (D:1)
  6 giant cockroaches
  6 goblins
  6 hobgoblins
  4 kobolds
  2 quokkas
  6 bats
  2 frilled lizards (D:1)
  5 rats
53 creatures vanquished.

Vanquished Creatures (collateral kills)
  A gnoll (D:2)
  An endoplasm (D:2)
  A hobgoblin (D:2)
  A quokka (D:2)
  A frilled lizard (D:2)
  A rat (D:2)
6 creatures vanquished.

Vanquished Creatures (others)
  Sigmund (D:3)
  A gnoll (D:2)
2 creatures vanquished.

Grand Total: 61 creatures vanquished

Notes
Turn   | Place    | Note
-------+----------+-------------------------------------------
     0 | D:1      | H0rd4k the Human Artificer began the quest for the Orb.
     0 | D:1      | Reached XP level 1. HP: 15/15 MP: 1/1
   507 | D:1      | Reached XP level 2. HP: 20/21 MP: 2/2
  1220 | D:1      | Reached XP level 3. HP: 15/26 MP: 3/3
  1585 | D:1      | Reached skill level 1 in Maces & Flails
  2454 | D:2      | Reached XP level 4. HP: 17/33 MP: 4/4
  3839 | D:2      | Found a faded altar of an unknown god.
  3942 | D:3      | Noticed Jessica
  3949 | D:3      | Killed Jessica
  3950 | D:3      | Reached XP level 5. HP: 7/38 MP: 5/5
  4206 | D:3      | Noticed an ogre
  4239 | D:3      | Noticed Sigmund
  4248 | D:3      | Your ally Sigmund died
  4275 | D:3      | Slain by an orc

Illustrated notes

Levels and vault maps discovered:
D:1:      nagdon_arrival_double_spiral, layout_loops_corners,
          due_unseen_surprise
D:2:      layout_basic, serial_co_window_serial, co_window_paths_a,
          co_window_paths_a, co_window_paths_a, co_window_paths_a,
          co_window_paths_a, co_window_2corner, co_window_unsneaky_path_d,
          co_window_broadway_a, co_window_corner_b, co_window_2corner,
          glass_columns_c, glass_columns_b, glass_columns_c,
          dilly_ecumenical_altar_fadedgnrine
D:3:      layout_rooms, mainiacjoe_overflow_alcove_2, minitemple,
          kennysheep_generic_room_11, uniq_jessica, uniq_crazy_yiuf_cottage,
          uniq_sigmund

Skill      XL: |  1  2  3  4 |
---------------+-------------+-----
Maces & Flails | 1 2 |  2.4
Dodging        | 2 |  2.2
Fighting       | 2 |  2.1
Armour         | |  2.0
Stealth        | |  1.0
Evocations     | |  3.7

Action                   |  1- 3 |  4- 6 || total
-------------------------+-------+-------++-------
Melee: Club              |   169 |    40 ||   209
       Punch             |     1 |     1 ||     2
       Flail             |       |    59 ||    59
Evoke: Wand              |     7 |     5 ||    12
 Stab: Sleeping          |     3 |       ||     3
Armor: Leather armour    |    87 |    35 ||   122
Dodge: Dodged            |   135 |    81 ||   216
